 Dungeon Crawl Stone Soup version 0.23.2-1-ga50397a6bc (webtiles) character file.

Game seed: 8795727136692455331

150 Foic the Ogre Mage (level 5, 46/46 HPs)
             Began as an Ogre Wizard on May 25, 2019.
             Got out of the dungeon alive.
             The game lasted 00:22:36 (3916 turns).

Foic the Ogre Mage (Ogre Wizard)                    Turns: 3916, Time: 00:22:36

Health: 46/46      AC:  4    Str: 11    XL:     5   Next: 32%
Magic:  13/13      EV: 10    Int: 20    God:
Gold:   219        SH:  0    Dex:  7    Spells: 8/15 levels left

rFire    . . .     SeeInvis .   (no weapon)
rCold    . . .     Gourm    .   (no shield)
rNeg     . . .     Faith    .   t - +0 robe {Archmagi}
rPois    .         Spirit   .   b - +1 hat
rElec    .         Reflect  .   (no cloak)
rCorr    .         Harm     .   (gloves unavailable)
MR       .....                  (boots unavailable)
Stlth    +.........             i - amulet of regeneration
HPRegen  0.55/turn              g - ring of flight
MPRegen  0.13/turn              (no ring)

@: no status effects
A: large, unfitting armour, tough skin 1
a: Evoke Flight


You escaped.
You were not hungry.

You visited 1 branch of the dungeon, and saw 4 of its levels.

You collected 219 gold pieces.

Inventory:

Missiles
 c - 15 arrows
Armour
 b - a +1 hat (worn)
 t - a +0 robe of the Archmagi (worn)
Jewellery
 g - a ring of flight (left hand)
 i - an amulet of regeneration (around neck)
Scrolls
 e - a scroll of enchant armour
 h - a scroll of remove curse {unknown}
 j - a scroll of teleportation {unknown}
 q - 2 scrolls of fear {unknown}
 u - a scroll of random uselessness {unknown}
Potions
 a - a potion of resistance {unknown}
 f - a potion of curing {unknown}
 l - a potion of berserk rage {unknown}
 m - a potion of flight {unknown}
 n - a potion of invisibility {unknown}
 o - a potion of heal wounds {unknown}
 p - a potion of lignification {unknown}
 r - a potion of haste
 s - a potion of ambrosia {unknown}
Comestibles
 d - 8 rations


   Skills:
 + Level 0.5 Fighting
 * Level 2.1 Dodging
 + Level 1.5 Stealth
 * Level 5.5 Spellcasting
 + Level 1.1 Conjurations
 * Level 2.3 Summonings
 + Level 0.8 Translocations


You had 8 spell levels left.
You knew the following spells:

 Your Spells              Type           Power        Failure   Level  Hunger
a - Magic Dart            Conj           ##..         7%          1    None
b - Blink                 Tloc           N/A          12%         2    None
c - Call Imp              Summ           ###.....     6%          2    None
d - Slow                  Hex            #.......     17%         2    None

Your spell library contained the following spells:

 Spells                   Type           Power        Failure   Level  Hunger
 Conjure Flame            Conj/Fire      ##......     26%         3    ##.....
 Mephitic Cloud           Conj/Pois/Air  ##......     28%         3    ##.....


Dungeon Overview and Level Annotations

Branches:
Dungeon (4/15)
 Temple: D:4-7

Altars:
Dithmenos
Wu Jian

Shops:
D:4 :


Innate Abilities, Weirdness & Mutations

You are too large for most types of armour.
You have tough skin. (AC +1)


Message History

(D) Dungeon
Where to? (? - help)
(D) Dungeon
Where to? (? - help)
(D) Dungeon
Where to? (? - help)
What level of the Dungeon? (default 1, ? - help)
There is a stone staircase leading up here.
You climb upwards.
There is a stone staircase leading down here.
There is a stone staircase leading up here.
You climb upwards.
There is a stone staircase leading down here.
There is an escape hatch in the ceiling here.
There is a stone staircase leading up here.
You climb upwards.
There is a stone staircase leading down here.
There is a staircase leading out of the dungeon here.
Are you sure you want to leave the Dungeon?
This will make you lose the game!
You have escaped!

...##..# ############.#
...##..####......(.....#
...##......##≈≈≈≈≈≈≈####
...##.######≈≈≈≈≈≈≈≈≈≈#
>..##.# #≈≈≈≈≈≈≈≈≈≈# .####.#
####≈≈≈....≈≈≈#
.##...###.##≈≈......≈≈####
.##.####.#.#........≈≈#..#
###.#####.##....@..≈≈≈##.#
....................≈≈##.#
####.####...........####.# #.#
#.#..#.####.####.#
#.####.#..............#
####.##...#.##.####.####.#####
..........#.##.#
#.###......####
####.##...#.##)#
#.##.....#.#... #.###..#.##.#
#............##


There were no monsters in sight!

Vanquished Creatures
  2 oozes
  2 dart slugs
  4 leopard geckos (D:1)
  3 giant cockroaches
  4 goblins
  4 hobgoblins (D:1)
  5 bats
  2 frilled lizards
  3 kobolds (D:1)
  4 rats
33 creatures vanquished.

Vanquished Creatures (collateral kills)
  An orc priest (D:3)
  Jessica (D:3)
  An orc wizard (D:3)
  5 adders
  An ooze (D:1)
  A worm (D:2)
  A leopard gecko (D:2)
  4 orcs (D:3)
  A ball python (D:2)
  3 bats
  2 giant cockroaches
  4 goblins
  8 hobgoblins
  4 jackals (D:2)
  A quokka (D:2)
  4 frilled lizards
  2 kobolds (D:3)
  5 rats
49 creatures vanquished.

Grand Total: 82 creatures vanquished

Notes
Turn   | Place    | Note
-------+----------+-------------------------------------------
     0 | D:1      | Foic the Ogre Wizard began the quest for the Orb.
     0 | D:1      | Reached XP level 1. HP: 16/16 MP: 5/5
   149 | D:1      | Reached skill level 4 in Spellcasting
   183 | D:1      | Reached XP level 2. HP: 24/24 MP: 2/7
   534 | D:1      | Learned a level 2 spell: Blink
   537 | D:1      | Learned a level 2 spell: Call Imp
   540 | D:1      | Learned a level 2 spell: Slow
   767 | D:1      | Reached skill level 1 in Conjurations
  1081 | D:1      | Reached XP level 3. HP: 31/31 MP: 6/9
  1091 | D:1      | Reached skill level 1 in Summonings
  1758 | D:2      | Reached skill level 5 in Spellcasting
  2281 | D:2      | Reached XP level 4. HP: 40/40 MP: 9/11
  2876 | D:3      | Found an ornate altar of the Wu Jian Council.
  3241 | D:3      | Noticed Jessica
  3252 | D:3      | Killed Jessica
  3329 | D:3      | Reached XP level 5. HP: 28/46 MP: 7/12
  3548 | D:3      | Found a shadowy altar of Dithmenos.
  3822 | D:4      | Found Yggisuz's Book Boutique.
  3916 | D:$      | Got out of the dungeon alive.

Skill      XL: |  1  2  3  4 |
---------------+-------------+-----
Spellcasting   | 4 5 |  5.5
Conjurations   | 1 |  1.1
Summonings     | 1 2 |  2.3
Dodging        | 2 |  2.1
Fighting       | |  0.5
Stealth        | |  1.5
Translocations | |  0.8

Action                   |  1- 3 |  4- 6 || total
-------------------------+-------+-------++-------
Melee: Unarmed           |     1 |     1 ||     2
 Cast: Magic Dart        |    89 |    12 ||   101
       Call Imp          |    13 |    47 ||    60
       Blink             |     1 |       ||     1
       Slow              |       |     3 ||     3
  Use: Scroll            |     3 |       ||     3
  Eat: Chunk             |     4 |     5 ||     9
Armor: Robe              |    15 |    32 ||    47
Dodge: Dodged            |    25 |    30 ||    55
